EVO
UNIVERSITY OF CALIFORNIA GOLDEN BEARS @ PENNSYLVANIA STATE UNIVERSITY NITTANY LIONS
09/20/2047
 
TOP OF THE 1ST
University of California Golden Bears batting - Pitching for Pennsylvania State University Nittany Lions : RHP Vicente Garcia
Pitching: RHP Vicente Garcia
Batting: RHB Mike Trueblood 0-0: Ball
1-0: Swinging Strike
1-1: SINGLE (Groundball, 25, EV 67.5 MPH) (infield hit)
Batting: RHB Ken Hahn 0-0: Ball
Wild Pitch!
Mike Trueblood to second
1-0: Ball
2-0: Foul Ball, location: 2F
2-1: Ball
3-1: Foul Ball, location: 2F
3-2: DOUBLE (Line Drive, 9LM, EV 91.9 MPH)
Mike Trueblood scores
Batting: LHB Carlos Gaona 0-0: Ball
1-0: Called Strike
1-1: Ball
2-1: Called Strike
2-2: Fly out, F8 (Flyball, 8RM, EV 84.4 MPH)
Batting: RHB Nate Mahon 0-0: Ball
1-0: Ball
2-0: Called Strike
2-1: Foul Ball, location: 2F
2-2: Ground out 5-3 (Groundball, 56, EV 104.4 MPH)
Batting: RHB Steve Kirby 0-0: Ball
1-0: Foul Ball, location: 2F
1-1: Ball
2-1: Fly out, F9 (Flyball, 89M, EV 88.8 MPH)
Top of the 1st over - 1 run, 2 hits, 0 errors, 1 left on base; University of California 1 - Pennsylvania State University 0
BOTTOM OF THE 1ST
Pennsylvania State University Nittany Lions batting - Pitching for University of California Golden Bears : RHP Frank Salinas
Pitching: RHP Frank Salinas
Batting: RHB Jesse Bandt 0-0: Ball
1-0: Called Strike
1-1: Called Strike
1-2: Foul Ball, location: 2F
1-2: SINGLE (Groundball, 4MD, EV 90.0 MPH) (infield hit)
Batting: RHB Pete Martin 0-0: Ball
1-0: Ball
2-0: Foul Ball, location: 2F
2-1: Ball
3-1: Called Strike
3-2: Strikes out swinging
Batting: RHB Josh Ebeling 0-0: Ball
1-0: Ball
2-0: Ball
3-0: Called Strike
3-1: Foul Ball, location: 2F
3-2: Ground out 5-3 (Groundball, 56S, EV 80.0 MPH)
Jesse Bandt to second
Batting: RHB Rob Hinojosa 0-0: Fly out, F8 (Flyball, 89D, EV 85.0 MPH)
Bottom of the 1st over - 0 runs, 1 hit, 0 errors, 1 left on base; University of California 1 - Pennsylvania State University 0
TOP OF THE 2ND
University of California Golden Bears batting - Pitching for Pennsylvania State University Nittany Lions : RHP Vicente Garcia
Batting: RHB Ivan Rivera 0-0: Fly out, F8 (Flyball, 8RD, EV 108.1 MPH)
Batting: LHB Luis Orellana 0-0: Fly out, F6 (Line Drive, 6MD, EV 66.2 MPH)
Batting: RHB Shawn Jansen 0-0: Called Strike
0-1: Foul Ball, location: 2F
0-2: Fly out, F5 (Popup, 25, EV 85.0 MPH)
Top of the 2nd over - 0 runs, 0 hits, 0 errors, 0 left on base; University of California 1 - Pennsylvania State University 0
BOTTOM OF THE 2ND
Pennsylvania State University Nittany Lions batting - Pitching for University of California Golden Bears : RHP Frank Salinas
Batting: RHB Victor Victorino 0-0: Swinging Strike
0-1: Ball
1-1: Ball
2-1: Foul Ball, location: 2F
2-2: Ball
3-2: Ground out 6-3 (Groundball, 6, EV 85.6 MPH)
Batting: RHB Joe Strachan 0-0: Called Strike
0-1: Fly out, F3 (Popup, 3S, EV 76.2 MPH)
Batting: RHB Francisco Velazquez 0-0: Called Strike
0-1: Ball
1-1: Swinging Strike
1-2: Ball
2-2: Foul Ball, location: 2F
2-2: Foul Ball, location: 2F
2-2: SOLO HOME RUN (Flyball, 7D, EV 95.0 MPH), Distance : 371 ft
Batting: LHB Dan Lape 0-0: Ball
1-0: Foul Ball, location: 2F
1-1: Ball
2-1: Foul Ball, location: 2F
2-2: Foul Ball, location: 2F
2-2: Ball
3-2: Fly out, F8 (Flyball, 8RXD, EV 100.6 MPH)
Bottom of the 2nd over - 1 run, 1 hit, 0 errors, 0 left on base; University of California 1 - Pennsylvania State University 1
TOP OF THE 3RD
University of California Golden Bears batting - Pitching for Pennsylvania State University Nittany Lions : RHP Vicente Garcia
Batting: RHB Juan Debayle 0-0: Called Strike
0-1: Swinging Strike
0-2: Ball
1-2: Ball
2-2: Ball
3-2: Base on Balls
Batting: RHB Mike Trueblood 0-0: Ball
1-0: Swinging Strike
1-1: Called Strike
1-2: Fly out, F7 (Line Drive, 7, EV 109.4 MPH)
Batting: RHB Ken Hahn 0-0: Ball
1-0: Swinging Strike
1-1: Foul Ball, location: 2F
1-2: Ball
2-2: DOUBLE (Groundball, 5L, EV 98.8 MPH)
Juan Debayle to third
Runner from 3rd tries for Home, SAFE, throw by LF to home
Batting: LHB Carlos Gaona 0-0: Ball
1-0: Called Strike
1-1: Called Strike
1-2: Ball
2-2: Strikes out swinging
Batting: RHB Nate Mahon 0-0: Swinging Strike
0-1: Ball
1-1: Ball
2-1: Ball
3-1: Base on Balls
Batting: RHB Steve Kirby 0-0: Called Strike
0-1: Fielders Choice at 2nd, 6-4 (Groundball, 6, EV 86.2 MPH)
Top of the 3rd over - 1 run, 1 hit, 0 errors, 2 left on base; University of California 2 - Pennsylvania State University 1
BOTTOM OF THE 3RD
Pennsylvania State University Nittany Lions batting - Pitching for University of California Golden Bears : RHP Frank Salinas
Batting: RHB James Steinmetz 0-0: Ball
1-0: Foul Ball, location: 2F
1-1: Called Strike
1-2: Foul Ball, location: 2F
1-2: Ball
2-2: Ball
3-2: Ground out 5-3 (Groundball, 5, EV 90.0 MPH)
Batting: RHB Jesse Bandt 0-0: Ball
1-0: Ball
2-0: Foul Ball, location: 2F
2-1: Foul Ball, location: 2F
2-2: Foul Ball, location: 2F
2-2: SINGLE (Groundball, 6D, EV 101.9 MPH)
Batting: RHB Pete Martin 0-0: Called Strike
0-1: Called Strike
0-2: Ball
1-2: Fly out, F8 (Flyball, 8RD, EV 100.0 MPH)
Batting: RHB Josh Ebeling 0-0: Foul Ball, location: 2F
0-1: Ball
1-1: Ball
2-1: Foul Ball, location: 2F
2-2: Foul Ball, location: 2F
2-2: Ball
3-2: Ground out 5-3 (Groundball, 56S, EV 85.6 MPH)
Bottom of the 3rd over - 0 runs, 1 hit, 0 errors, 1 left on base; University of California 2 - Pennsylvania State University 1
TOP OF THE 4TH
University of California Golden Bears batting - Pitching for Pennsylvania State University Nittany Lions : RHP Vicente Garcia
Batting: RHB Ivan Rivera 0-0: Called Strike
0-1: Fly out, F7 (Flyball, 7D, EV 88.1 MPH)
Batting: LHB Luis Orellana 0-0: Swinging Strike
0-1: Foul Ball, location: 2F
0-2: Ball
1-2: Foul Ball, location: 2F
1-2: Foul Ball, location: 2F
1-2: Strikes out swinging
Batting: RHB Shawn Jansen 0-0: Ball
1-0: Foul Ball, location: 2F
1-1: Foul Ball, location: 2F
1-2: Ball
2-2: Foul Ball, location: 2F
2-2: Ball
3-2: SINGLE (Groundball, 4MD, EV 99.4 MPH)
Batting: RHB Juan Debayle 0-0: Ball
1-0: SINGLE (Groundball, 4, EV 96.2 MPH)
Shawn Jansen to second
Batting: RHB Mike Trueblood 0-0: Ball
1-0: Ball
2-0: Ball
3-0: Base on Balls
Shawn Jansen to third
Juan Debayle to second
Batting: RHB Ken Hahn 0-0: Swinging Strike
0-1: Swinging Strike
0-2: Ball
1-2: Strikes out swinging
Top of the 4th over - 0 runs, 2 hits, 0 errors, 3 left on base; University of California 2 - Pennsylvania State University 1
BOTTOM OF THE 4TH
Pennsylvania State University Nittany Lions batting - Pitching for University of California Golden Bears : RHP Frank Salinas
Batting: RHB Rob Hinojosa 0-0: Swinging Strike
0-1: Ball
1-1: Ball
2-1: Ball
3-1: Foul Ball, location: 2F
3-2: Strikes out looking
Batting: RHB Victor Victorino 0-0: Ball
1-0: Fly out, F9 (Flyball, 9LMF, EV 81.9 MPH)
Batting: RHB Joe Strachan 0-0: Called Strike
0-1: Ball
1-1: Foul Ball, location: 2F
1-2: Ball
2-2: SINGLE (Groundball, 25, EV 75.0 MPH) (infield hit)
Batting: RHB Francisco Velazquez 0-0: Called Strike
0-1: Swinging Strike
0-2: Strikes out swinging
Bottom of the 4th over - 0 runs, 1 hit, 0 errors, 1 left on base; University of California 2 - Pennsylvania State University 1
TOP OF THE 5TH
University of California Golden Bears batting - Pitching for Pennsylvania State University Nittany Lions : RHP Vicente Garcia
Pitching: RHP Tony Corona
Batting: LHB Carlos Gaona 0-0: Ball
1-0: Called Strike
1-1: Foul Ball, location: 2F
1-2: Ball
2-2: Ball
3-2: SINGLE (Groundball, 25, EV 63.8 MPH) (infield hit)
Batting: RHB Nate Mahon 0-0: Foul Ball, location: 2F
0-1: Called Strike
0-2: Strikes out looking
Batting: RHB Steve Kirby 0-0: Called Strike
0-1: Foul Ball, location: 2F
0-2: Foul Ball, location: 2F
0-2: Fly out, F9 (Flyball, 89M, EV 83.1 MPH)
Batting: RHB Ivan Rivera 0-0: Swinging Strike
0-1: Fielders Choice at 2nd, 6-4 (Groundball, 6, EV 80.0 MPH)
Top of the 5th over - 0 runs, 1 hit, 0 errors, 1 left on base; University of California 2 - Pennsylvania State University 1
BOTTOM OF THE 5TH
Pennsylvania State University Nittany Lions batting - Pitching for University of California Golden Bears : RHP Frank Salinas
Pitching: LHP John van Asten
Batting: LHB Dan Lape 0-0: Called Strike
0-1: Ball
1-1: Ground out 3-1 (Groundball, 34S, EV 86.9 MPH)
Batting: RHB James Steinmetz 0-0: Ball
1-0: Ball
2-0: Ball
3-0: Called Strike
3-1: Foul Ball, location: 2F
3-2: SINGLE (Line Drive, 6MD, EV 96.2 MPH)
Batting: RHB Jesse Bandt 0-0: Ball
1-0: Fly out, F6 (Flyball, 56D, EV 93.8 MPH)
Batting: RHB Pete Martin 0-0: Called Strike
0-1: Ball
1-1: Fly out, F7 (Flyball, 78M, EV 87.5 MPH)
Bottom of the 5th over - 0 runs, 1 hit, 0 errors, 1 left on base; University of California 2 - Pennsylvania State University 1
TOP OF THE 6TH
University of California Golden Bears batting - Pitching for Pennsylvania State University Nittany Lions : RHP Tony Corona
Batting: LHB Luis Orellana 0-0: Ball
1-0: Bunt for hit to 2R - play at first, batter OUT! 2-3
Batting: RHB Shawn Jansen 0-0: Ball
1-0: Foul Ball, location: 2F
1-1: Ground out 5-3 (Groundball, 56, EV 88.1 MPH)
Batting: RHB Juan Debayle 0-0: Ball
1-0: Called Strike
1-1: Fly out, F8 (Flyball, 78M, EV 93.1 MPH)
Top of the 6th over - 0 runs, 0 hits, 0 errors, 0 left on base; University of California 2 - Pennsylvania State University 1
BOTTOM OF THE 6TH
Pennsylvania State University Nittany Lions batting - Pitching for University of California Golden Bears : LHP John van Asten
Batting: RHB Josh Ebeling 0-0: Swinging Strike
0-1: Ball
1-1: Foul Ball, location: 2F
1-2: Ball
2-2: Foul Ball, location: 2F
2-2: SOLO HOME RUN (Flyball, 7D, EV 99.4 MPH), Distance : 381 ft
Batting: RHB Rob Hinojosa 0-0: Called Strike
0-1: Ball
1-1: Foul Ball, location: 2F
1-2: Ball
2-2: Foul Ball, location: 2F
2-2: Foul Ball, location: 2F
2-2: Strikes out swinging
Batting: RHB Victor Victorino 0-0: Called Strike
0-1: Ball
1-1: Swinging Strike
1-2: DOUBLE (Flyball, 8RXD, EV 90.0 MPH)
Batting: RHB Joe Strachan 0-0: Ground out 5-3 (Groundball, 56S, EV 86.9 MPH)
Batting: RHB Francisco Velazquez 0-0: Called Strike
0-1: Ball
1-1: Swinging Strike
1-2: Ball
2-2: Ball
3-2: Foul Ball, location: 2F
3-2: Base on Balls
Pitching: RHP Howie Abrams
Batting: LHB Dan Lape 0-0: Ball
1-0: Ball
2-0: Ball
3-0: Called Strike
3-1: Swinging Strike
3-2: Base on Balls
Victor Victorino to third
Francisco Velazquez to second
Batting: RHB James Steinmetz 0-0: Ball
1-0: Called Strike
1-1: Ball
2-1: Ball
3-1: Swinging Strike
3-2: SINGLE (Line Drive, 7S, EV 101.2 MPH)
Victor Victorino scores
Francisco Velazquez to third
Dan Lape to second
Francisco Velazquez scores
Dan Lape to third
Batting: RHB Jesse Bandt 0-0: Ball
1-0: Ball
2-0: Foul Ball, location: 2F
2-1: Foul Ball, location: 2F
2-2: Strikes out swinging
Bottom of the 6th over - 3 runs, 3 hits, 0 errors, 2 left on base; University of California 2 - Pennsylvania State University 4
TOP OF THE 7TH
University of California Golden Bears batting - Pitching for Pennsylvania State University Nittany Lions : RHP Tony Corona
Pitching: RHP Velimir Danicic
Batting: RHB Mike Trueblood 0-0: Ball
1-0: Ball
2-0: Ball
3-0: Base on Balls
Batting: RHB Ken Hahn 0-0: Ball
1-0: Ball
2-0: Called Strike
2-1: Ball
3-1: Foul Ball, location: 2F
3-2: Base on Balls
Mike Trueblood to second
Batting: LHB Carlos Gaona 0-0: Ball
1-0: Ball
2-0: Ball
3-0: Called Strike
3-1: Base on Balls
Mike Trueblood to third
Ken Hahn to second
Batting: RHB Nate Mahon 0-0: Swinging Strike
0-1: Grounds into fielders choice 6-2 (Groundball, 6, EV 85.0 MPH)
Ken Hahn to third
Carlos Gaona to second
Pinch Hitting: LHB Pavla Markianov 0-0: Ball
1-0: Swinging Strike
1-1: Ball
2-1: Swinging Strike
2-2: SINGLE (Groundball, 34D, EV 105.6 MPH)
Ken Hahn scores
Carlos Gaona to third
Nate Mahon to second
Batting: SHB Nick Jansen 0-0: Called Strike
0-1: Ball
1-1: Called Strike
1-2: Ball
2-2: Grounds into fielders choice 1-2 (Groundball, P, EV 71.9 MPH)
Nate Mahon to third
Pavla Markianov to second
Pitching: RHP David Cantu
Batting: LHB Luis Orellana 0-0: Called Strike
0-1: Ball
1-1: Swinging Strike
1-2: Hit by Pitch
Nate Mahon scores
Pavla Markianov to third
Nick Jansen to second
Batting: RHB Shawn Jansen 0-0: Called Strike
0-1: Ball
1-1: Foul Ball, location: 2F
1-2: Foul Ball, location: 2F
1-2: Ball
2-2: SINGLE (Flyball, 9S, EV 88.8 MPH)
Pavla Markianov scores
Nick Jansen to third
Luis Orellana to second
Runner from 3rd tries for Home, SAFE, throw by RF to home
Batting: RHB Juan Debayle 0-0: Ball
1-0: Fly out, F9 (Flyball, 9D, EV 100.6 MPH)
Top of the 7th over - 4 runs, 2 hits, 0 errors, 2 left on base; University of California 6 - Pennsylvania State University 4
BOTTOM OF THE 7TH
Pennsylvania State University Nittany Lions batting - Pitching for University of California Golden Bears : RHP Howie Abrams
Pitching: LHP Adam Gavel
Now in RF: Pavla Markianov
Batting: RHB Pete Martin 0-0: Ball
1-0: Ball
2-0: Ground out 5-3 (Groundball, 5S, EV 66.2 MPH)
Batting: RHB Josh Ebeling 0-0: Ball
1-0: Ground out 6-3 (Groundball, 6, EV 85.0 MPH)
Batting: RHB Rob Hinojosa 0-0: Foul Ball, location: 2F
0-1: Swinging Strike
0-2: Strikes out swinging
Bottom of the 7th over - 0 runs, 0 hits, 0 errors, 0 left on base; University of California 6 - Pennsylvania State University 4
TOP OF THE 8TH
University of California Golden Bears batting - Pitching for Pennsylvania State University Nittany Lions : RHP David Cantu
Pitching: LHP Roberto Mendez
Batting: RHB Mike Trueblood 0-0: Ball
1-0: Called Strike
1-1: Ball
2-1: Foul Ball, location: 2F
2-2: Ball
3-2: Foul Ball, location: 2F
3-2: Strikes out swinging
Batting: RHB Ken Hahn 0-0: Ball
1-0: Ball
2-0: Called Strike
2-1: Foul Ball, location: 2F
2-2: Foul Ball, location: 2F
2-2: SOLO HOME RUN (Flyball, 9D, EV 98.8 MPH), Distance : 363 ft
Batting: LHB Carlos Gaona 0-0: Fly out, F7 (Flyball, 7, EV 87.5 MPH)
Batting: RHB Nate Mahon 0-0: Called Strike
0-1: Ball
1-1: Ball
2-1: Ball
3-1: Swinging Strike
3-2: Base on Balls
Batting: LHB Pavla Markianov 0-0: Ball
1-0: Foul Ball, location: 2F
1-1: Ball
2-1: Ball
3-1: Called Strike
3-2: Fly out, F8 (Flyball, 8LS, EV 87.5 MPH)
Top of the 8th over - 1 run, 1 hit, 0 errors, 1 left on base; University of California 7 - Pennsylvania State University 4
BOTTOM OF THE 8TH
Pennsylvania State University Nittany Lions batting - Pitching for University of California Golden Bears : LHP Adam Gavel
Batting: RHB Victor Victorino 0-0: Called Strike
0-1: Ball
1-1: Ball
2-1: Called Strike
2-2: Ground out 6-3 (Groundball, 6S, EV 90.0 MPH)
Batting: RHB Joe Strachan 0-0: Called Strike
0-1: Foul Ball, location: 2F
0-2: Ball
1-2: Fly out, F8 (Flyball, 8LD, EV 91.9 MPH)
Batting: RHB Francisco Velazquez 0-0: Swinging Strike
0-1: Called Strike
0-2: Fly out, F9 (Line Drive, 9S, EV 106.9 MPH)
Bottom of the 8th over - 0 runs, 0 hits, 0 errors, 0 left on base; University of California 7 - Pennsylvania State University 4
TOP OF THE 9TH
University of California Golden Bears batting - Pitching for Pennsylvania State University Nittany Lions : LHP Roberto Mendez
Pitching: RHP Preki Nedic
Batting: SHB Nick Jansen 0-0: Called Strike
0-1: Ball
1-1: Foul Ball, location: 2F
1-2: SINGLE (Flyball, 56D, EV 83.8 MPH)
Batting: LHB Luis Orellana 0-0: Called Strike
0-1: Ball
1-1: Sac Bunt to 2L - play at second, runner OUT! 2-6
Batting: RHB Shawn Jansen 0-0: Called Strike
Luis Orellana steals 2nd base
0-1: Called Strike
0-2: Fly out, F8 (Flyball, 78D, EV 91.9 MPH)
Batting: RHB Juan Debayle 0-0: Called Strike
0-1: Called Strike
0-2: Ball
1-2: Ball
2-2: Ball
3-2: DOUBLE (Line Drive, 5D, EV 95.6 MPH)
Luis Orellana scores
Batting: RHB Mike Trueblood 0-0: Ball
1-0: Called Strike
1-1: Foul Ball, location: 2F
1-2: Foul Ball, location: 2F
1-2: Ball
2-2: Strikes out swinging
Top of the 9th over - 1 run, 2 hits, 0 errors, 1 left on base; University of California 8 - Pennsylvania State University 4
BOTTOM OF THE 9TH
Pennsylvania State University Nittany Lions batting - Pitching for University of California Golden Bears : LHP Adam Gavel
Pitching: LHP Kimmo-Mikka Koistinen
Batting: LHB Dan Lape 0-0: Ball
1-0: Fly out, F5 (Popup, 5SF, EV 88.1 MPH)
Batting: RHB James Steinmetz 0-0: Ball
1-0: Fly out, F7 (Flyball, 7LM, EV 88.1 MPH)
Batting: RHB Jesse Bandt 0-0: Called Strike
0-1: Called Strike
0-2: Fly out, F8 (Flyball, 8RD, EV 86.9 MPH)
Bottom of the 9th over - 0 runs, 0 hits, 0 errors, 0 left on base; University of California 8 - Pennsylvania State University 4
Thursday, December 15th , 2022 - OOTP Baseball 23.9 Build 102